 Dungeon Crawl Stone Soup version 0.26-a0-64-g059e62f (webtiles) character file.

Game seed: 12675660328858853562

11823 thirtiethelement the Carver (level 11, 0/91 HPs)
             Began as a Demonspawn Abyssal Knight on June 11, 2020.
             Was the Champion of Lugonu.
             Slain by a sun demon (8 damage)
             ... summoned by an orc sorcerer
             ... on level 2 of the Orcish Mines.
             The game lasted 00:30:58 (12985 turns).

thirtiethelement the Carver (DsAK)                 Turns: 12985, Time: 00:30:59

Health: 0/91       AC: 15    Str: 16    XL:     11   Next: 54%
Magic:  22/22      EV: 14    Int: 14    God:    Lugonu [******]
Gold:   796        SH:  0    Dex: 12    Spells: 10/10 levels left

rFire    + . .     SeeInvis .   I - +4 long sword (freeze)
rCold    + . .     Gourm    .   (no shield)
rNeg     + . .     Faith    .   H - +0 ring mail
rPois    +         Spirit   .   k - +2 helmet
rElec    .         Reflect  .   (no cloak)
rCorr    .         Harm     .   (no gloves)
MR       .....                  (no boots)
Stlth    ++........             D - amulet of regeneration
HPRegen  0.65/turn              f - ring of poison resistance
MPRegen  0.18/turn              A - ring of Riedol {rC+ rN+ MP+9}

@: sanguine armour, studying Fighting
A: claws 1, demonic guardian 2, fire resistance 1, sanguine armour 1
a: Depart the Abyss, Bend Space, Banish, Corrupt, Enter the Abyss, Brand Weapon
With Distortion, Renounce Religion


You were on level 2 of the Orcish Mines.
You worshipped Lugonu.
Lugonu was exalted by your worship.
You were not hungry.

You visited 3 branches of the dungeon, and saw 14 of its levels.
You visited the Abyss 1 time.
You also visited: Sewer.

You collected 796 gold pieces.

Inventory:

Hand Weapons
 a - a +1 falchion
 C - a +6 long sword
 I - a +4 long sword of freezing (weapon)
Missiles
 u - a boomerang (quivered)
 L - 6 javelins
Armour
 b - a +0 leather armour
 k - a +2 helmet (worn)
 H - a +0 ring mail (worn)
Jewellery
 f - a ring of poison resistance (left claw)
 A - the ring of Riedol (right claw) {rC+ rN+ MP+9}
   (You acquired it on level 7 of the Dungeon)

   [ring of magical power]

   It protects you from cold.
   It protects you from negative energy.
   It affects your magic capacity (+9).
 D - an amulet of regeneration (around neck)
Wands
 n - a wand of random effects (24)
 p - a wand of enslavement (7)
 B - a wand of polymorph (8)
 E - a wand of paralysis (4)
 G - a wand of clouds (6)
 J - a wand of disintegration (7)
 K - a wand of digging (3)
Scrolls
 i - 3 scrolls of blinking
 j - 7 scrolls of remove curse
 l - 12 scrolls of teleportation
 v - a scroll of enchant armour
 w - 7 scrolls of identify
 y - 3 scrolls of magic mapping
 z - 4 scrolls of fog
 F - a scroll of amnesia
Potions
 d - 3 potions of magic
 e - a potion of heal wounds
 g - 7 potions of curing
 h - 3 potions of flight
 m - a potion of might
 o - 2 potions of lignification
 q - 4 potions of brilliance
 r - a potion of ambrosia
 s - 3 potions of cancellation
 t - a potion of invisibility
Books
 x - a manual of Fighting
Comestibles
 c - 24 rations
 M - 4 chunks of flesh


   Skills:
 + Level 10.2 Fighting
 + Level 11.0 Long Blades
 + Level 5.5 Throwing
 + Level 6.0 Armour
 + Level 6.7 Dodging
 + Level 3.1 Stealth
 + Level 2.9 Invocations
 + Level 1.4 Evocations


You had 10 spell levels left.
You didn't know any spells.
Your spell library was empty.

Dungeon Overview and Level Annotations

Branches:
Dungeon (11/15)            Temple (1/1) D:6            Lair (0/6) D:11
    Orc (2/2) D:10          Sewer (visited)
    Elf: Orc:2

Altars:
Ashenzari
Cheibriados
Dithmenos
Elyvilon
Fedhas
Gozag
Hepliaklqana
Kikubaaqudgha
Makhleb
Nemelex Xobeh
Okawaru
Qazlal
Ru
Sif Muna
Trog
Uskayaw
Vehumet
Wu Jian
Xom
Yredelemnul
Zin
The Shining One

Shops:
D:5 *   D:11 !


Innate Abilities, Weirdness & Mutations

You have sharp fingernails.
A demonic guardian rushes to your aid.
Your flesh is heat resistant. (rF+)
When seriously injured, your bleeding wounds create armour. (AC +6)


Message History

You feel disoriented.
The sun demon hits you but does no damage.
The orc priest hits you with a +0 flail.
Your orange demon stings the orc sorcerer!
The orc sorcerer looks as sick as possible!
Your orange demon poisons the orc sorcerer!
Your orange demon closely misses the orc sorcerer.
The orc sorcerer hits you but does no damage.
The sun demon hits you!
You are engulfed in flames!
You resist.
* * * LOW HITPOINT WARNING * * *
Your orange demon stings the orc sorcerer.
Your orange demon closely misses the orc sorcerer.
The orc priest mumbles some strange prayers to Beogh against you.
You struggle to resist.
The orc sorcerer hits you but does no damage.
You can move again.
The sun demon hits you!!
* * * LOW HITPOINT WARNING * * *
You are engulfed in flames!
You resist.
You die...

#...#............
##..#......#...#.#
#................#
##................
#................#
#.............#
#.............##
##..$...@.4.....#
#.....o3oo........
##.....).o........
#......).○....#...
##........)...# .#
#...$.......... .
#................
##...............
#..<...........


You could see a sun demon (summoned), an orc sorcerer (extremely poisoned), an
orc warrior (confused, very poisoned), an orc priest, an orc wizard and a
friendly orange demon (summoned).

Vanquished Creatures
  Harold (D:7)
  2 two-headed ogres
  An unseen horror (D:10)
  2 trolls
  2 hippogriffs
  A vampire (D:11)
  A wyvern (D:8)
  3 porcupines (D:11)
  3 black bears
  A sky beast (D:6)
  3 orc warriors
  3 ice beasts
  A phantom (D:6)
  An eye of draining (D:6)
  6 ogres
  4 centaurs
  7 big kobolds
  Blork the orc (D:6)
  10 bullfrogs
  A gnoll sergeant (D:10)
  3 scorpions
  9 killer bees
  6 wights
  A howler monkey (D:11)
  2 bullfrog zombies
  A jelly (D:6)
  A quasit (D:8)
  5 crimson imps
  3 hounds
  6 orc priests
  11 orc wizards
  3 bullfrog skeletons
  A centaur skeleton (D:5)
  Ijyb (D:5)
  4 iguanas
  12 worker ants
  2 hound zombies
  2 hound skeletons
  A howler monkey skeleton (D:7)
  18 adders
  4 gnolls (D:10)
  A river rat (Sewer)
  4 shadow imps
  5 oozes
  An adder zombie (D:5)
  An adder skeleton (D:4)
  6 worms
  A dart slug (D:1)
  5 leopard geckos
  43 orcs
  6 ball pythons
  7 giant cockroaches
  9 goblins
  9 hobgoblins
  12 jackals
  38 kobolds
  6 quokkas
  6 bats
  7 frilled lizards
  9 rats
326 creatures vanquished.

Vanquished Creatures (collateral kills)
  2 two-headed ogres
  Urug (Orc:1)
  An ugly thing (D:11)
  A troll (D:10)
  2 hippogriffs
  A hungry ghost (D:7)
  Menkaure (D:5)
  An orc warrior (Orc:2)
  2 phantoms
  An eye of draining (D:11)
  2 centaurs (D:10)
  A big kobold (D:10)
  2 bullfrogs
  A howler monkey (D:6)
  2 hounds
  3 orc priests (Orc:1)
  3 orc wizards
  2 centaur skeletons (D:11)
  An adder (D:11)
  A shadow imp (D:10)
  A worm (D:3)
  2 orcs (D:7)
  A kobold (D:10)
35 creatures vanquished.

Vanquished Creatures (others)
  A wight (D:7)
  An orc (Orc:1)
  9 fungi (D:11)
11 creatures vanquished.

Grand Total: 372 creatures vanquished

Notes
Turn   | Place    | Note
-------+----------+-------------------------------------------
     0 | Abyss:1  | thirtiethelement the Demonspawn Abyssal Knight began the
                  | quest for the Orb.
     0 | Abyss:1  | Reached XP level 1. HP: 18/18 MP: 2/2
     8 | Abyss:2  | Found a corrupted altar of Lugonu.
    92 | Abyss:2  | Noticed a wretched star
    92 | Abyss:2  | Noticed a large abomination
    92 | Abyss:2  | Noticed a tentacled starspawn
    93 | Abyss:2  | Noticed a spatial maelstrom
    93 | Abyss:2  | Noticed an ancient zyme
    94 | D:1      | Escaped the Abyss
   498 | D:1      | Gained mutation: You have sharp fingernails. [demonic
                  | ancestry]
   498 | D:1      | Reached XP level 2. HP: 23/24 MP: 4/4
   595 | D:1      | Reached skill level 2 in Long Blades
  1075 | D:1      | Reached * piety under Lugonu
  1289 | D:2      | Gained mutation: Your flesh is heat resistant. (rF+)
                  | [demonic ancestry]
  1289 | D:2      | Reached XP level 3. HP: 29/29 MP: 5/5
  1530 | D:2      | Reached skill level 1 in Dodging
  1778 | D:2      | Reached XP level 4. HP: 35/36 MP: 6/6
  2062 | D:2      | Reached ** piety under Lugonu
  2236 | D:2      | Reached skill level 3 in Long Blades
  2550 | D:3      | Found a glowing drain.
  2557 | Sewer    | Entered a sewer
  2712 | Sewer    | Gained mutation: A weak demonic guardian rushes to your
                  | aid. [demonic ancestry]
  2712 | Sewer    | Reached XP level 5. HP: 41/42 MP: 7/7
  3349 | Sewer    | Reached skill level 4 in Long Blades
  3349 | Sewer    | Gained mutation: A demonic guardian rushes to your aid.
                  | [demonic ancestry]
  3349 | Sewer    | Reached XP level 6. HP: 36/48 MP: 8/8
  3370 | Sewer    | Reached *** piety under Lugonu
  4113 | D:3      | Reached XP level 7. HP: 55/55 MP: 9/9
  4281 | D:3      | Found a sparkling altar of Nemelex Xobeh.
  4960 | D:4      | Reached **** piety under Lugonu
  4960 | D:4      | Reached skill level 1 in Stealth
  4965 | D:4      | Reached skill level 5 in Long Blades
  5574 | D:5      | Entered Level 5 of the Dungeon
  5611 | D:5      | Found Qeabamp's Elemental Accessories.
  5663 | D:5      | Reached skill level 5 in Fighting
  5672 | D:5      | Reached XP level 8. HP: 20/62 MP: 10/10
  6040 | D:5      | Found a burning altar of Makhleb.
  6054 | D:5      | Noticed Ijyb
  6061 | D:5      | Killed Ijyb
  6061 | D:5      | Reached skill level 6 in Long Blades
  6300 | D:5      | Noticed Menkaure
  6306 | D:5      | Killed Menkaure
  6367 | D:5      | Found a basalt altar of Yredelemnul.
  6370 | D:5      | Found a blossoming altar of Fedhas.
  6371 | D:5      | Found a glowing silver altar of Zin.
  7341 | D:6      | Noticed Blork the orc
  7374 | D:6      | Killed Blork the orc
  7374 | D:6      | Reached skill level 7 in Long Blades
  7374 | D:6      | Reached skill level 1 in Throwing
  7862 | D:6      | Found an iron altar of Okawaru.
  7867 | D:6      | Found a snail-covered altar of Cheibriados.
  7967 | D:6      | Found a staircase to the Ecumenical Temple.
  7973 | Temple   | Entered the Ecumenical Temple
  8104 | D:7      | Reached XP level 9. HP: 55/71 MP: 11/11
  8252 | D:7      | Noticed Harold
  8263 | D:7      | Killed Harold
  8269 | D:7      | Reached skill level 8 in Long Blades
  8293 | D:7      | Identified a scroll of acquirement
  8294 | D:7      | Got the ring of Riedol {rC+ rN+ MP+9}
  8467 | D:7      | Reached ***** piety under Lugonu
  8471 | D:7      | Reached skill level 1 in Evocations
  8565 | D:7      | Found an ornate altar of the Wu Jian Council.
  8936 | D:8      | Reached skill level 5 in Dodging
  9026 | D:8      | Found a hazy altar of Hepliaklqana.
  9255 | D:8      | Found a sacrificial altar of Ru.
  9576 | D:9      | Gained mutation: When seriously injured, your bleeding
                  | wounds create armour. (AC +6) [demonic ancestry]
  9576 | D:9      | Reached XP level 10. HP: 69/80 MP: 12/12
 10317 | D:9      | Reached skill level 9 in Long Blades
 10347 | D:9      | Found a radiant altar of Vehumet.
 10428 | D:10     | Entered Level 10 of the Dungeon
 10428 | D:10     | Found a staircase to the Orcish Mines.
 10673 | D:10     | Killed an unseen horror
 10923 | D:10     | Noticed a two-headed ogre
 10931 | D:10     | Killed a two-headed ogre
 10931 | D:10     | Reached skill level 5 in Throwing
 11228 | D:10     | Reached skill level 10 in Long Blades
 11228 | D:10     | Reached skill level 5 in Armour
 11230 | D:10     | Reached ****** piety under Lugonu
 11710 | D:11     | Noticed a two-headed ogre
 11724 | D:11     | Killed a two-headed ogre
 11724 | D:11     | Reached XP level 11. HP: 42/89 MP: 13/13
 11921 | D:11     | Found a staircase to the Lair.
 11975 | D:11     | Found Egeconoi's Distillery.
 11990 | D:11     | Noticed a brown ugly thing
 12010 | D:11     | Killed a brown ugly thing
 12378 | D:11     | Noticed a two-headed ogre
 12384 | D:11     | Killed a two-headed ogre
 12602 | D:11     | Found a shimmering blue altar of Sif Muna.
 12782 | Orc:1    | Entered Level 1 of the Orcish Mines
 12783 | Orc:1    | Noticed Urug
 12792 | Orc:1    | Killed Urug
 12792 | Orc:1    | Reached skill level 10 in Fighting
 12951 | Orc:2    | Entered Level 2 of the Orcish Mines
 12951 | Orc:2    | Noticed a two-headed ogre
 12957 | Orc:2    | Killed a two-headed ogre
 12957 | Orc:2    | Reached skill level 11 in Long Blades
 12973 | Orc:2    | Noticed an orc sorcerer
 12981 | Orc:2    | Noticed a sun demon
 12981 | Orc:2    | Paralysed by an orc sorcerer for 4 turns
 12985 | Orc:2    | Slain by a sun demon

Illustrated notes

Levels and vault maps discovered:
D:1:      minmay_arrival_semitransparent, layout_basic
D:2:      layout_rooms, first_ration, chequers_serial_rivers_small_a,
          minmay_randomly_rotated_circles
D:3:      layout_loops_ring, cheibrodos_sewer_entry_bend,
          nemelex_dance_club_becter
D:4:      layout_gridville, minmay_manual_mullet
D:5:      layout_loops_ring, lemuel_crystal_altar, minitemple,
          nicolae_elemental_shop, hangedman_decor_peaks_small, uniq_menkaure,
          uniq_ijyb
D:6:      layout_cave_pools, grunt_temple_overflow_open,
          minmay_temple_entry_enclosed_plants, uniq_blork_the_orc
D:7:      layout_cave_pools, marbit_many_paths, uniq_harold
D:8:      layout_cave_pools, nicolae_ru_path_of_blood, basic_altar
D:9:      layout_loops_corners, kennysheep_mini
D:10:     layout_big_octagon, orc_0_dummy
D:11:     layout_irregular_city, due_lair_maze_entry_diamond, serial_shops,
          shop, serial_column_ruins, column_ruins_square_medium,
          column_ruins_open_tiny, column_ruins_open_tiny, column_ruins_grid_3,
          grunt_ogre_cave, lemuel_tele_altar
Temple:   nicolae_temple_god_jail
Orc:1:    layout_diamond_mine, uniq_jorgrun, uniq_urug
Orc:2:    pf_orc_diabolical, layout_caves, serial_shops, nicolae_shop_waterfront

Skill      XL: |  1  2  3  4  5  6  7  8  9 10 11 |
---------------+----------------------------------+-----
Armour         | 2 3 4 5 6 |  6.0
Long Blades    | 2 3 4 5 7 8 10 11 | 11.0
Dodging        | 1 2 3 4 5 6 |  6.7
Fighting       | 4 5 6 7 9 10 | 10.2
Stealth        | 1 2 3 |  3.1
Throwing       | 2 4 5 |  5.5
Evocations     | 1 |  1.4
Invocations    | |  2.9

Action                   |  1- 3 |  4- 6 |  7- 9 | 10-12 || total
-------------------------+-------+-------+-------+-------++-------
Melee: Falchion          |    96 |   297 |   345 |       ||   738
       Long sword        |       |       |   141 |   353 ||   494
Throw: Boomerang         |       |       |   107 |    27 ||   134
Invok: Depart the Abyss  |     1 |       |       |       ||     1
Evoke: Wand              |       |       |     6 |    10 ||    16
  Use: Scroll            |     9 |     9 |     7 |       ||    25
       Potion            |       |     3 |     3 |     1 ||     7
 Stab: Sleeping          |       |       |     1 |     1 ||     2
       Distracted        |       |       |     1 |     1 ||     2
       Confused          |       |       |       |     1 ||     1
  Eat: Chunk             |     3 |     8 |    20 |    10 ||    41
       Ration            |       |       |       |     1 ||     1
Armor: Leather armour    |    31 |   120 |   134 |    45 ||   330
       Ring mail         |       |       |       |   113 ||   113
Dodge: Dodged            |    74 |   190 |   317 |   283 ||   864
       Rpst.: Falchion   |    20 |    57 |    60 |       ||   137
       Long sword        |       |       |    33 |    78 ||   111

Table legend:
 A = Non-vault XP
 B = Vault XP
 C = Vault XP percentage of total XP
 D = Non-vault monster count
 E = Vault monster count
 F = Vault count percentage of total count
                 A         B        C        D         E       F
            +---------+---------+-------+---------+---------+-------
      Total |   12861 |    4030 |  23.9 |     308 |      53 |  14.7
            +---------+---------+-------+---------+---------+-------
        D:1 |      39 |       0 |   0.0 |      17 |       0 |   0.0
        D:2 |     102 |      25 |  19.7 |      29 |       6 |  17.1
        D:3 |     207 |      15 |   6.8 |      26 |       3 |  10.3
        D:4 |     207 |     118 |  36.3 |      15 |       4 |  21.1
        D:5 |     607 |     132 |  17.9 |      18 |       2 |  10.0
        D:6 |     672 |      91 |  11.9 |      17 |       1 |   5.6
        D:7 |    1131 |     559 |  33.1 |      22 |       2 |   8.3
        D:8 |    1028 |       0 |   0.0 |      30 |       0 |   0.0
        D:9 |    1188 |       0 |   0.0 |      28 |       0 |   0.0
       D:10 |    3781 |       0 |   0.0 |      55 |       0 |   0.0
       D:11 |    2910 |    1931 |  39.9 |      37 |      12 |  24.5
      Orc:1 |     188 |     756 |  80.1 |       6 |       1 |  14.3
      Orc:2 |     801 |       0 |   0.0 |       8 |       0 |   0.0
      Sewer |       0 |     403 | 100.0 |       0 |      22 | 100.0
            +---------+---------+-------+---------+---------+-------
